 Dungeon Crawl Stone Soup version 0.19.1 (webtiles) character file.

36 Host24 the Grave Robber (level 3, -4/20 HPs)
             Began as a Kobold Necromancer on Dec 23, 2016.
             Killed from afar by Ijyb (16 damage)
             ... with a wand of acid
             ... on level 2 of the Dungeon.
             The game lasted 00:04:39 (1717 turns).

Host24 the Grave Robber (Kobold Necromancer)        Turns: 1717, Time: 00:04:39

Health: -4/20      AC:  2    Str:  5    XL:     3   Next: 57%
Magic:  2/7        EV: 16    Int: 17    God:
Gold:   77         SH:  0    Dex: 15    Spells: 2 memorised, 6 levels left

rFire  . . .     SeeInvis .     m - +0 hunting sling
rCold  . . .     Gourm    .     a - +0 robe
rNeg   . . .     Faith    .     (shield restricted)
rPois  .         Spirit   .     (no helmet)
rElec  .         Reflect  .     (no cloak)
rCorr  .         Harm     .     (no gloves)
MR     .....                    (no boots)
Stlth  ++........               (no amulet)
                                (no ring)
                                (no ring)

@: very slightly contaminated
A: carnivore 3
a: no special abilities


You were on level 2 of the Dungeon.
You were completely stuffed.

You visited 1 branch of the dungeon, and saw 2 of its levels.

You collected 77 gold pieces.

Inventory:

Hand Weapons
 k - a +0 whip
 m - a +0 hunting sling (weapon)
 q - a +0 spear
 u - a +0 short sword
Missiles
 d - 99 stones (quivered)
 e - 19 sling bullets
 j - 18 poisoned needles
Armour
 a - a +0 robe (worn)
 i - a +0 leather armour
 r - a cursed +0 plate armour
Jewellery
 o - an uncursed ring of wizardry {unknown}
Scrolls
 g - a scroll of identify {unknown}
 n - a scroll of remove curse {unknown}
 p - a scroll of enchant weapon {unknown}
Potions
 h - a potion of resistance {unknown}
 l - a potion of curing {unknown}
 t - a potion of invisibility {unknown}
 v - a potion of might {unknown}
Books
 b - a book of Necromancy

   Spells                             Type                      Level
   a - Pain                           Necromancy                   1
   b - Animate Skeleton               Necromancy                   1
   c - Vampiric Draining              Necromancy                   3
   d - Regeneration                   Charms/Necromancy            3
   e - Animate Dead                   Necromancy                   4
   f - Control Undead                 Necromancy                   4
Comestibles
 c - a meat ration
 f - a slice of pizza
 s - a chunk of flesh


   Skills:
 - Level 1.3 Fighting
 + Level 3.2 Dodging
 - Level 2.6 Stealth
 - Level 3.0 Spellcasting
 - Level 4.0 Necromancy


You had 6 spell levels left.
You knew the following spells:

 Your Spells              Type           Power        Failure   Level  Hunger
a - Pain                  Necr           ###.         3%          1    None
b - Animate Skeleton      Necr           N/A          3%          1    None


Dungeon Overview and Level Annotations

Branches:
Dungeon (2/15)

Altars:

Annotations:
D:2 Ijyb


Innate Abilities, Weirdness & Mutations

You are small and have problems with some larger weapons.
You are carnivorous and can eat meat at any time.


Message History

Press: ? - help, Shift-Dir - straight line, f - Ijyb
Aim: Ijyb, wielding a club and wearing a scale mail You shoot a stone.
The stone closely misses Ijyb.
Ijyb closely misses you.
Your hobgoblin skeleton hits Ijyb but does no damage.
Firing (i - inventory. (,) - cycle):
d - 100 stones (quivered)
Press: ? - help, Shift-Dir - straight line, f/p - Ijyb
Aim: Ijyb, wielding a club and wearing a scale mail You shoot a stone.
The stone hits Ijyb but does no damage.
Ijyb hits you with a club.
Your hobgoblin skeleton closely misses Ijyb.
Casting: Pain
Confirm with . or Enter, or press ? or * to list all spells.
Aiming: Pain
Press: ? - help, Shift-Dir - straight line, f/p - Ijyb
Aim: Ijyb, wielding a club and wearing a scale mail (chance to defeat MR: 81%) Ijyb writhes in agony!
Ijyb screams, "Die!"
Ijyb zaps a wand.
The bolt of acid hits you!
Ouch! That really hurt!
You die...

#.##.........Z
###)##.#########
#....#..........
#....###########
#######.[..#..........
#.....#..........#####
..##..%..#......###.#...#
.......ZZ............[.>.
.?##(..g@###.#....#. #
#..)..# #.#....#.#.###
#.....# #.#...........
#.....# #.#...########
.......# #.# ..#
........# .# .......##
.......


You could see Ijyb, a friendly goblin skeleton and a friendly hobgoblin
skeleton.

Vanquished Creatures
  A dart slug (D:2)
  A leopard gecko (D:1)
  2 bats (D:1)
  3 giant cockroaches
  7 goblins
  5 hobgoblins
  4 kobolds (D:1)
  A ball python (D:1)
  2 frilled lizards (D:1)
  4 rats
30 creatures vanquished.

Notes
Turn   | Place    | Note
-------+----------+-------------------------------------------
     0 | D:1      | Host24 the Kobold Necromancer began the quest for the Orb.
     0 | D:1      | Reached XP level 1. HP: 10/10 MP: 3/3
     2 | D:1      | Learned a level 1 spell: Animate Skeleton
   517 | D:1      | Reached XP level 2. HP: 12/15 MP: 1/5
   922 | D:1      | Reached skill level 1 in Fighting
  1160 | D:1      | Reached XP level 3. HP: 20/20 MP: 5/7
  1709 | D:2      | Noticed Ijyb
  1717 | D:2      | Killed from afar by Ijyb

Skill      XL: |  1  2  3 |
---------------+----------+-----
Spellcasting   | 3 |  3.0
Fighting       | 1 |  1.3
Dodging        | 3 |  3.2
Stealth        | |  2.6
Necromancy     | |  4.0

Action                   || total
-------------------------++-------
 Fire: Hunting sling     ||    14
 Cast: Pain              ||    52
       Animate Skeleton  ||    13
  Eat: Chunk             ||    11
Armor: Robe              ||     1
Dodge: Dodged            ||    12
